[Event "European Amateur Chess-ch 2022"]
[Site "Zagreb"]
[Date "2022.08.14"]
[Round "1.24"]
[White "Jakovic, Roko"]
[Black "Okrosa, Marijan"]
[Result "1-0"]
[ECO "D31"]
[WhiteElo "1921"]
[BlackElo "2059"]
[Annotator "NA RC"]
[PlyCount "63"]
[EventDate "2022.08.14"]
[EventCountry "CRO"]
[SourceTitle "playchess.com"]
[Source "ChessBase"]
[SourceQuality "1"]
[TimeControl "40/5400+30:1800+30"]

1. d4 d5 2. c4 e6 3. Nc3 c6 4. Nf3 dxc4 5. a4 Bb4 6. e4 b5 7. Qc2 Bb7 8. Be2 a6 9. O-O Nf6 10. Bg5 Be7 11. e5 Nd5 12. Ne4 O-O 13. Bxe7 Qxe7 14. Nd6 Nb6 15. h4 h6 16. Nd2 f5 17. b3 cxb3 18. Nxb3 Nxa4 19. Rxa4 bxa4 20. Nc5 Bc8 21. Bc4 Kh8 22. Rb1 Qxh4 23. Bxe6 Qxd4 24. Nxc8 Qxe5 25. Ne7 Rf6 26. Qd3 Qc7 27. Rb7 Qa5 28. Qd6 Nd7 29. Rxd7 a3 30. Rb7 Rd8 31. Rb8 Rff8 32. Ng6+ 1-0

[Event "European Amateur Chess-ch 2022"]
[Site "Zagreb"]
[Date "2022.08.15"]
[Round "2.1"]
[White "Frouth, Nenad"]
[Black "Vrban, Mladen"]
[Result "0-1"]
[ECO "B01"]
[WhiteElo "2121"]
[BlackElo "2297"]
[Annotator "TA"]
[PlyCount "58"]
[EventDate "2022.08.14"]
[EventCountry "CRO"]
[SourceTitle "playchess.com"]
[Source "ChessBase"]
[SourceQuality "1"]
[TimeControl "40/5400+30:1800+30"]

1. e4 d5 2. exd5 Qxd5 3. Nc3 Qd6 4. Bc4 Nf6 5. Nf3 a6 6. a4 {B01: Scandinavian Defence.} (6. O-O $14) 6... Nc6 {[#]} 7. Qe2 $146 ({Predecessor:} 7. h3 Bf5 8. O-O e6 9. d3 Be7 10. Re1 O-O-O 11. Ng5 Bg6 12. Nge4 Nxe4 13. Nxe4 {0-1 (90) Shubin,K (2429)-Ponkratov,P (2631) Chess.com INT 2020}) 7... Bg4 8. Ne4 {Black is slightly better.} Qf4 {[#]} (8... Nxe4 $11 9. Qxe4 f5) 9. Neg5 (9. d3 $6 Qf5 $11) (9. Bxf7+ $1 $16 Kxf7 10. Qc4+ Nd5 11. Qxd5+ e6 12. Qd7+ Kg8 13. d3) 9... e6 $11 10. d3 (10. d4 $1 $14 Qd6 11. c3) 10... Qd6 $1 11. Ne4 (11. h3 $5 Bh5 12. Ne4 Nxe4 13. Qxe4 $11) 11... Qd8 {Hoping for ...Nd4.} 12. c3 {Against Nd4} Ne5 13. Nxf6+ (13. Ned2 $5 Nxc4 14. Nxc4 $11) 13... gxf6 14. Qe4 Bf5 (14... Bxf3 $5 15. gxf3 c6 $11) 15. Qxb7 {Strongly threatening Nxe5.} Rb8 $1 16. Qxa6 Rb6 $1 ({Don't take} 16... Nxd3+ 17. Bxd3 Qxd3 18. Qc6+ Kd8 19. Bf4 Qe4+ 20. Qxe4 Bxe4 21. a5 $16) 17. Qa5 ({Avoid the trap} 17. Bb5+ $2 c6 18. Qa7 cxb5 19. Nxe5 fxe5 $19) 17... Nxd3+ 18. Bxd3 (18. Ke2 $1 $11) 18... Bxd3 $17 19. Qh5 {[#]} Rg8 $1 $36 {[%mdl 2048] Black is really pushing. Black is more active.} 20. a5 (20. Nd4 $17 {was called for.}) 20... Rd6 {aiming for ...Qa8.} 21. Be3 Rxg2 (21... Qb8 $19 22. b4 Rd5) 22. Nd4 $1 $15 Qa8 (22... c5 $5 23. Qxc5 Rg4 $11) 23. Qf3 $2 {[#] Loses the game.} (23. O-O-O $11 Qa6 24. Rxd3 Qxd3 25. Qf3) 23... Be4 $1 $19 24. Qe2 ({Wrong is} 24. Qxf6 $2 Rg6 25. Qe5 Bxh1 $19) 24... c5 25. Nb5 {Black must now prevent Nc7+.} Rd7 {Against Nc7+. ...Bf3 is the strong threat.} 26. a6 Bf3 27. Qc4 (27. Qc2 Rg4 28. h3) 27... Rg4 {Black is clearly winning.} 28. Qxg4 Bxg4 {[%cal Ra8h1] A strong pair of Bishops.} 29. Rg1 Qf3 {Weighted Error Value: White=0.69/Black=0.28 (precise)} 0-1

[Event "European Amateur Chess-ch 2022"]
[Site "Zagreb"]
[Date "2022.08.15"]
[Round "2.2"]
[White "Karlusic, Luka"]
[Black "Novosel, Lovro"]
[Result "1-0"]
[ECO "E32"]
[WhiteElo "2089"]
[BlackElo "2212"]
[Annotator "TA"]
[PlyCount "71"]
[EventDate "2022.08.14"]
[EventCountry "CRO"]
[SourceTitle "playchess.com"]
[Source "ChessBase"]
[SourceQuality "1"]
[TimeControl "40/5400+30:1800+30"]

1. d4 Nf6 2. c4 e6 3. Nc3 Bb4 4. Qc2 O-O 5. e4 d6 6. a3 Bxc3+ {E32: Nimzo-Indian: Classical (4 Qc2): 4...0-0.} 7. bxc3 e5 8. Bd3 Re8 {The position is equal. 8...c5 is a critical line.} 9. Ne2 Nc6 10. O-O h6 11. f4 Qe7 {[#]} 12. d5 $146 (12. fxe5 $14 {feels stronger.} dxe5 13. d5) ({Predecessor:} 12. fxe5 dxe5 13. d5 Na5 14. Ng3 Qc5+ 15. Kh1 Nh7 16. Qe2 Nb3 17. Be3 Qd6 18. Rab1 Nc5 19. Qf2 {1-0 (19) Holt,C (2553)-Solon,N (2306) Chess.com INT 2022}) 12... Nb8 $11 13. Ng3 Na6 (13... Nbd7 $11) 14. fxe5 $14 Qxe5 15. Bf4 Qe7 16. h3 {White is more active.} (16. e5 $1 $16 dxe5 17. Rae1) 16... Nc5 $11 17. Rae1 Nfd7 {Against e5} 18. Nf5 Qf8 19. Re3 {aiming for Rg3.} Ne5 20. Rg3 (20. Bxe5 $11 {and White has nothing to worry.} Rxe5 21. Nd4) 20... Bxf5 $19 (20... Ncxd3 21. Nxg7 Qxg7 22. Rxg7+ Kxg7 23. Be3 $15) 21. exf5 (21. Bxe5 $17 Rxe5 22. exf5) 21... Kh8 $2 ({Stronger than} 21... Nexd3 22. Bxh6 f6 23. Rd1) (21... Ncxd3 $19 22. Bxh6 f6 23. Rxg7+ Qxg7 24. Bxg7 Kxg7) 22. f6 $1 $36 {[%mdl 2048] Keeping Black busy.} g6 23. Qd2 Kh7 (23... Nexd3 $2 24. Bxh6 Qg8 25. Bg7+ (25. Rxd3 Qh7 $18) 25... Qxg7 26. fxg7+ $18) (23... Nb3 $1 $14 24. Qd1 Nxd3 25. Rxd3 Nc5) 24. Bc2 {A strong pair of Bishops.} Nxc4 (24... Ned7 $16) 25. Qd4 Ne5 (25... Nxa3 26. Bf5 b5) 26. h4 $18 {And now h5 would win.} h5 27. Rg5 (27. Qd1 $142 {White wants to mate with Qxh5+.} Kh8 28. Bxg6 $1 fxg6 29. Rxg6 $1) 27... Kh8 (27... Kg8 $142 28. Bxe5 Rxe5) 28. Bxe5 (28. Qd2 $18 {and the rest is easy.}) 28... Rxe5 $16 29. Rxe5 dxe5 30. Qxe5 {Hoping for Re1.} Rd8 $2 (30... Re8 $16 31. Qxc7 Ne4) 31. Re1 Rd6 $2 {[#]} (31... Kg8 $18 32. Qg5 Re8) 32. Qg5 $1 {White mates.} Kh7 33. Qxh5+ Kg8 {[#]} 34. Bxg6 $1 fxg6 35. Qxg6+ Kh8 36. Re5 {Weighted Error Value: White=0.39/Black=1.00} 1-0

[Event "European Amateur Chess-ch 2022"]
[Site "Zagreb"]
[Date "2022.08.15"]
[Round "2.3"]
[White "Buchcar, Tomas"]
[Black "Vukic, Aleksandar"]
[Result "1-0"]
[ECO "A12"]
[WhiteElo "2208"]
[BlackElo "2073"]
[Annotator "TA"]
[PlyCount "63"]
[EventDate "2022.08.14"]
[EventCountry "CRO"]
[SourceTitle "playchess.com"]
[Source "ChessBase"]
[SourceQuality "1"]
[TimeControl "40/5400+30:1800+30"]

1. Nf3 Nf6 2. c4 c6 3. e3 d5 4. b3 Bg4 5. Be2 e6 6. O-O Bd6 7. Bb2 Nbd7 8. d3 Qe7 9. Nbd2 O-O 10. Re1 {A12: English Opening: 1...c6 with b3 by White.} e5 11. e4 {[#]} d4 $146 {[#]} (11... Bxf3 $11 {remains equal.} 12. Bxf3 d4) ({Predecessor:} 11... Bxf3 12. Bxf3 d4 13. a3 a5 14. g3 Nc5 15. Qc2 Ne6 16. Bg2 Nd7 17. Nf3 f6 {1-0 (40) Bassel,C (2079)-Berube,A (2143) Montreal 2017}) 12. Nxd4 $1 $16 {White is better.} Bxe2 13. Nxe2 Rad8 14. Qc2 Bb4 15. Red1 Nh5 16. a3 Bxd2 17. Rxd2 Qg5 18. Re1 Nc5 19. Bc1 Rd6 ({Black should play} 19... Nf4 $14 20. Nxf4 Qxf4) 20. d4 $1 Rg6 21. Ng3 exd4 (21... Nxg3 $142 22. hxg3 exd4) 22. Rxd4 $18 Qe5 23. Bb2 (23. Nf5 $18 {has better winning chances.}) 23... Nf4 (23... Qg5 $16) 24. b4 Nce6 {[#]} 25. Rd5 Qc7 {[#]} 26. Rf5 h5 $2 (26... Qe7 27. Rd1 Rd8) 27. Be5 {White is clearly winning.} Qe7 28. Bxf4 Nd4 {[#]} 29. Qc3 Rd8 (29... Nxf5 30. exf5) 30. Rxh5 {Black must now prevent Nf5.} Rg4 31. Be5 Rxg3 32. hxg3 {Weighted Error Value: White=0.17 (very precise) /Black=0.52} ({And not} 32. Qxg3 {[#]} Ne2+ $1 33. Kh1 Nxg3+ 34. hxg3 f6 $17) 1-0

[Event "European Amateur Chess-ch 2022"]
[Site "Zagreb"]
[Date "2022.08.15"]
[Round "2.4"]
[White "Vujec, Ivan"]
[Black "Jonsson, Gauti Pall"]
[Result "1/2-1/2"]
[ECO "B20"]
[WhiteElo "2192"]
[BlackElo "2071"]
[Annotator "TA"]
[PlyCount "119"]
[EventDate "2022.08.14"]
[EventCountry "CRO"]
[SourceTitle "playchess.com"]
[Source "ChessBase"]
[SourceQuality "1"]
[TimeControl "40/5400+30:1800+30"]

1. e4 c5 2. b3 Nc6 3. Bb2 e5 4. Bc4 d6 5. Nc3 Be7 6. d3 {B20: Sicilian: Unusual White 2nd moves.} Nf6 7. Nge2 O-O 8. O-O Kh8 9. f4 {[#]} exf4 $146 ({Predecessor:} 9... Ng4 10. Qd2 exf4 11. Nxf4 Bf6 12. h3 Bd4+ 13. Kh1 Qh4 14. Rf3 Nce5 15. Raf1 Nxf3 16. Rxf3 {0-1 (52) Tenold,A (1795)-Carlsson,L (2234) Gothenburg 2019}) 10. Nxf4 ({Reject} 10. Rxf4 Ng4 $11) 10... Ne5 (10... Ng4 {is more complex.} 11. Ncd5 Bg5 12. Qe1 Nge5) 11. Ncd5 (11. a4 {looks sharper.} Nh5 12. Nxh5 Bg4 13. Qd2) 11... Nxd5 12. Bxd5 Bf6 13. Kh1 Ng4 14. Bxf6 Qxf6 15. Qe1 {Against Qh4} g5 16. Ne2 Qe5 {[%csl Gg4][%cal Re5h2] [#]} 17. Qc3 Kg7 18. Qxe5+ dxe5 (18... Nxe5 $11 19. Ng3 Rb8) 19. Rf3 $16 {White is more active.} Nf6 20. Bc4 (20. Nc3 $16) 20... Bg4 $11 21. Rf2 Bxe2 22. Rxe2 a6 23. Rf1 Ne8 (23... b5 $5 24. Bd5 Nxd5 25. exd5 f6 $11) 24. Ref2 f6 25. a3 Nc7 26. b4 b5 27. Bb3 cxb4 28. axb4 a5 29. bxa5 Rxa5 30. g3 Ra6 31. h4 h6 32. Kg2 Rfa8 33. d4 exd4 34. e5 Ne8 35. Rf5 Rd8 36. hxg5 hxg5 37. exf6+ Nxf6 38. Rxg5+ Kh6 39. Rgf5 (39. Rxb5 $14 {feels stronger.} d3 40. Rh1+ Kg6 41. Rb7) 39... Ng4 $1 {[#] ...Ne3+ is the strong threat.} 40. Rh1+ Kg6 41. Rxb5 Rf8 {Threatens to win with ...Ne3+.} 42. Rhh5 Ne3+ 43. Kh3 Ra1 44. Rbg5+ Kf6 45. g4 Rh1+ 46. Kg3 Rg1+ 47. Kf3 Nxg4 48. Rf5+ ({Don't play} 48. Rxg4 Ke7+ 49. Ke4 (49. Rf4 Rf1+ 50. Ke4 R8xf4+ 51. Ke5 Kd7 $17) 49... Rxg4+ 50. Ke5 Rg7 $15) 48... Kg6 49. Rxf8 {And now Rhh8 would win.} Kxh5 $14 {[%mdl 4096] Endgame KRB-KRN} 50. Ke4 Re1+ (50... Ne3 $2 51. Rh8+ Kg4 52. Rg8+ Kh4 53. Rxg1 $18) 51. Kxd4 Ne3 52. c3 Kg5 53. Rf3 ({Better is} 53. Bd5 $16) 53... Nf5+ $11 54. Kc5 Re3 $1 {The position is equal.} 55. Rxe3 Nxe3 56. Kd4 Kf4 57. Bd5 Nf5+ 58. Kc5 Ke5 59. Bg2 Ne3 60. Bf3 {Weighted Error Value: White=0.11 (very precise) /Black=0.09 (flawless)} 1/2-1/2

[Event "European Amateur Chess-ch 2022"]
[Site "Zagreb"]
[Date "2022.08.15"]
[Round "2.5"]
[White "Begic, Domagoj"]
[Black "Denic, Marin"]
[Result "1/2-1/2"]
[ECO "A06"]
[WhiteElo "2026"]
[BlackElo "2190"]
[Annotator "TA"]
[PlyCount "83"]
[EventDate "2022.08.14"]
[EventCountry "CRO"]
[SourceTitle "playchess.com"]
[Source "ChessBase"]
[SourceQuality "1"]
[TimeControl "40/5400+30:1800+30"]

1. Nf3 d5 2. d3 c5 3. c3 Nc6 4. Bf4 Nf6 5. h3 {[#]} h6 $146 ({Predecessor:} 5... e6 6. e3 Bd6 7. Bxd6 Qxd6 8. d4 O-O 9. Bd3 c4 10. Bc2 b5 11. Nbd2 b4 {1-0 (62) Simard,M-Ivanovs,A (1784) Tartu 2022}) 6. Qc2 {A06: Réti Opening: 1 Nf3 d5.} Bf5 7. Nbd2 e6 8. e4 {Black is slightly better.} Bh7 9. Be2 Be7 10. a3 Rc8 11. O-O O-O 12. Rfe1 Qb6 13. Rad1 c4 14. Be3 Bc5 15. Bxc5 Qxc5 16. Bf1 b5 17. Qc1 dxe4 18. Nxe4 Bxe4 19. dxe4 e5 20. Nh4 Rfd8 21. Re3 (21. Nf5 $11) 21... Ne7 22. Rd2 (22. Qc2 $11 {is superior.}) 22... g5 ({Black should try} 22... a5 $15) 23. Nf3 $11 Ng6 24. Qd1 Qc7 25. g3 Rxd2 26. Qxd2 Rd8 27. Qc2 a6 28. a4 Nd7 29. axb5 axb5 30. b3 Nb6 31. bxc4 Nxc4 32. Rd3 Nd6 (32... Rd6 $11 {keeps the balance.}) 33. Rd5 ({White should play} 33. Qd1 $16) 33... b4 $1 34. c4 Rc8 (34... Rb8 $5 ) 35. Qb1 Rb8 {The position is equal.} 36. c5 Nb5 37. Qxb4 Nd4 38. Qa3 Rb3 $1 39. Qa8+ Rb8 40. Qa3 {[#] Threatens to win with Bc4.} Rb3 $1 41. Qa8+ Rb8 42. Qa3 {Weighted Error Value: White=0.13 (very precise) /Black=0.13 (very precise)} 1/2-1/2

[Event "European Amateur Chess-ch 2022"]
[Site "Zagreb"]
[Date "2022.08.15"]
[Round "2.6"]
[White "Babic, Zvonko"]
[Black "Ruzic, Pia Marie"]
[Result "1-0"]
[ECO "A26"]
[WhiteElo "2180"]
[BlackElo "1996"]
[Annotator "TA"]
[PlyCount "105"]
[EventDate "2022.08.14"]
[EventCountry "CRO"]
[SourceTitle "playchess.com"]
[Source "ChessBase"]
[SourceQuality "1"]
[TimeControl "40/5400+30:1800+30"]

1. c4 Nf6 2. Nf3 g6 3. g3 Bg7 4. Bg2 d6 5. O-O e5 6. d3 h6 7. Nc3 O-O 8. Rb1 a5 9. a3 Nc6 10. b4 axb4 11. axb4 Be6 12. b5 Ne7 13. Bb2 Qd7 14. Ra1 Bh3 15. Qb3 {A26: English Opening vs King's Indian with ...Nc6 and d3.} Bxg2 16. Kxg2 Nh5 17. h3 {White is slightly better.} Kh7 {[#]} 18. Na4 $146 ({Predecessor:} 18. Ra3 Rxa3 19. Qxa3 f5 20. Ra1 g5 21. Qa7 b6 22. Qb7 Nf6 23. Ra7 g4 24. hxg4 fxg4 {1-0 (42) Wrba,K (2430)-Rakay,K (2325) ICCF corr 1995}) 18... g5 19. c5 Ng6 {[%cal Og6f4] ( -> ...Ngf4+!)} 20. Rh1 ({White should try} 20. e3 $11) 20... d5 $15 21. Nc3 d4 (21... Rxa1 $17 22. Bxa1 c6) 22. Ne4 Rxa1 23. Bxa1 (23. Rxa1 $11 {remains equal.} g4 24. hxg4 Nhf4+ 25. gxf4 Qxg4+ 26. Kf1 (26. Ng3 exf4 27. Nh2 Nh4+ 28. Kh1 Qh3 $15)) 23... Qe7 (23... f5 $17 24. Ned2 Nf6) 24. Bb2 $11 f5 25. Ned2 Rd8 {Strongly threatening ...e4.} (25... Qxc5 $2 26. Ba3 Qc3 27. Bxf8 Qxb3 28. Nxb3 $18) 26. Qc4 Ra8 (26... c6 $5 ) 27. Bc1 c6 28. Nb3 Bf8 (28... Qd7 $15 29. bxc6 Qxc6) 29. h4 cxb5 30. Qxb5 g4 31. Ng5+ Kg7 (31... hxg5 32. hxg5 Kg8 33. c6 (33. Rxh5 Ra2 $11)) 32. Ne6+ Qxe6 $15 33. Qxb7+ Qf7 $2 (33... Be7 $15 34. Qxa8 Qxb3) 34. Bxh6+ $1 $18 (34. Qxa8 Qxb3 35. c6 Qd5+ 36. Kh2 Bd6 $14) 34... Kg8 35. Qxa8 Qxb3 36. Qc6 (36. Ra1 $142) 36... Ne7 37. Qa6 {[%cal Oh1b1] Threatens to win with Rb1!} Qd5+ {[#]} 38. Kh2 $1 {And now Ra1 would win.} Qc6 39. Qa7 {[%mdl 8192] The board is on fire.} Bxh6 $4 (39... Qxh6 $19 {avoids the disaster.} 40. Ra1 Qd2 41. Qa2+ Qxa2 42. Rxa2 Kf7) 40. Qxe7 Bf8 41. Qg5+ Ng7 42. Rc1 Kf7 43. Qd8 (43. h5 $18 {Black must now prevent h6.} Be7 44. Qg6+ Qxg6 45. hxg6+ Kxg6 46. c6) 43... Bxc5 (43... Ne6 $16 {was necessary.} 44. Qb6 Qc7) 44. Qb8 Qd5 (44... Qd6 {might work better.} 45. Qb7+ Kg6) 45. h5 Nxh5 (45... Ne6 $142 46. h6 Qd6 47. Qxd6 Bxd6) 46. Qb5 Nxg3 47. Kxg3 {KQR-KQB} f4+ {White is clearly winning.} 48. Kh2 g3+ 49. fxg3 Qa2 50. Qc4+ ({Inferior is} 50. Rxc5 Qxe2+ 51. Kh3 Qh5+ 52. Kg2 Qe2+ 53. Kh3 Qh5+ 54. Kg2 Qe2+ 55. Kh3 $11) 50... Qxc4 51. Rxc4 fxg3+ 52. Kxg3 Bd6 53. Kf3 {Weighted Error Value: White=0.58/Black=0.69} 1-0

[Event "European Amateur Chess-ch 2022"]
[Site "Zagreb"]
[Date "2022.08.15"]
[Round "2.7"]
[White "Brigljevic, Milan"]
[Black "Colev, Ivor"]
[Result "1-0"]
[ECO "A04"]
[WhiteElo "2161"]
[BlackElo "1950"]
[Annotator "RC"]
[PlyCount "81"]
[EventDate "2022.08.14"]
[EventCountry "CRO"]
[SourceTitle "playchess.com"]
[Source "ChessBase"]
[SourceQuality "1"]
[TimeControl "40/5400+30:1800+30"]

1. Nf3 f5 2. g3 Nf6 3. Bg2 g6 4. O-O Bg7 5. c4 d6 6. Nc3 e5 7. e4 fxe4 8. Ng5 O-O 9. Ngxe4 Nxe4 10. Nxe4 Nc6 11. d3 Bf5 12. Be3 Kh8 13. Qd2 Qd7 14. b4 Bh3 15. b5 Ne7 16. Bh6 Bxg2 17. Bxg7+ Kxg7 18. Kxg2 d5 19. Nc5 Qf5 20. Qe2 b6 21. g4 Qc8 22. Qxe5+ Kf7 23. Na6 Qxg4+ 24. Qg3 Qh5 25. h3 Nf5 26. Qg4 Rac8 27. cxd5 Nh4+ 28. Kg3 Nf5+ 29. Kh2 Qxg4 30. hxg4 Ne7 31. Rac1 Nxd5 32. Kg3 Rfe8 33. Rc4 Re2 34. Rfc1 Re7 35. Rd4 Nf6 36. Rc6 Ne8 37. Nb4 Re6 38. Rf4+ Ke7 39. Nd5+ Kd7 40. Rf7+ Kd8 41. Rxe6 1-0

[Event "European Amateur Chess-ch 2022"]
[Site "Zagreb"]
[Date "2022.08.15"]
[Round "2.8"]
[White "Basaric, Srdjan"]
[Black "Roska, Branislav"]
[Result "1/2-1/2"]
[ECO "B23"]
[WhiteElo "2024"]
[BlackElo "2153"]
[Annotator "TA"]
[PlyCount "39"]
[EventDate "2022.08.14"]
[EventCountry "CRO"]
[SourceTitle "playchess.com"]
[Source "ChessBase"]
[SourceQuality "1"]
[TimeControl "40/5400+30:1800+30"]

1. e4 c5 2. Nc3 e6 3. Nge2 a6 4. g3 Nc6 5. Bg2 e5 6. O-O {B23: Closed Sicilian: Lines without g3.} d6 7. d3 {[#]} h5 $146 ({Predecessor:} 7... Nf6 8. f4 exf4 9. Nxf4 Be6 10. Nfd5 Be7 11. Nxe7 Qxe7 12. Bg5 h6 13. Bxf6 gxf6 {1-0 (39) Skocik,J (1921)-Vagovic,M (1610) Slovakia 2015}) 8. h3 {White is slightly better.} h4 {[#]} (8... Nf6 $14) 9. g4 $1 $16 g5 {Prevents f4.} 10. Nd5 {[%cal Oc1g5,Bc3d5,Bd5e3,Be3f5][%mdl 32] aiming for Bxg5!} Be6 (10... Bh6 $14) 11. c3 f6 12. Ne3 {White is more active.} Nge7 13. d4 {[#] Black must now prevent d5.} Bf7 14. Re1 Ng6 15. Nf5 Qc7 16. Be3 Be7 17. Ng7+ Kf8 18. Nf5 Kg8 19. Qd2 Kh7 20. Red1 {Weighted Error Value: White=0.10 (very precise) /Black=0.16 (very precise)} 1/2-1/2

[Event "European Amateur Chess-ch 2022"]
[Site "Zagreb"]
[Date "2022.08.15"]
[Round "2.9"]
[White "Starcevic, Ante Leon"]
[Black "Jakovic, Roko"]
[Result "1-0"]
[ECO "B10"]
[WhiteElo "2152"]
[BlackElo "1921"]
[Annotator "TA"]
[PlyCount "81"]
[EventDate "2022.08.14"]
[EventCountry "CRO"]
[SourceTitle "playchess.com"]
[Source "ChessBase"]
[SourceQuality "1"]
[TimeControl "40/5400+30:1800+30"]

1. c4 c6 2. e4 d5 3. exd5 cxd5 4. cxd5 Nf6 5. Bb5+ Bd7 6. Bc4 g6 7. Nc3 Bg7 8. Nf3 O-O 9. O-O Bg4 10. h3 {B10: Caro-Kann: 2 d3 and 2 c4.} Bxf3 11. Qxf3 ({Reject} 11. gxf3 Qc8 12. Bb3 Qxh3 $15) 11... Nbd7 12. Re1 {Inhibits Ne5. White is better.} Nb6 13. d3 {White is more active.} Rc8 14. Bb3 Qd7 15. Be3 Rfd8 16. Bxb6 axb6 17. Qe3 (17. Re2 $142) 17... b5 ({Better is} 17... Ne8) 18. Qxe7 $16 Qxe7 (18... Ne8 $16 {was worth a try.} 19. Qxd7 Rxd7 20. Nxb5 Bxb2) 19. Rxe7 $18 b4 {[#]} 20. Ne4 Nxd5 21. Rxb7 {[#]} h6 $146 ({Predecessor:} 21... Bxb2 22. Rb1 Be5 23. Re1 Nc7 24. Ng5 Bf4 25. Nxf7 Rxd3 26. Ne5+ {1-0 (26) Peters,A (2315)-Mertens,M Leipzig 1996}) 22. Rb1 Nc7 $2 (22... Kf8 23. Nd2 Ne7) 23. Rc1 ({Don't take} 23. Rxb4 Rb8 $18) 23... Ne6 24. Rxc8 Rxc8 25. Bxe6 fxe6 26. Rxb4 {[%mdl 4096] Endgame KRB-KRN} Rc1+ 27. Kh2 Rd1 28. Rb3 {Threatens to win with a4.} Ra1 29. a3 {Hoping for Rb4.} Rb1 $2 (29... Be5+ 30. g3 Ra2) 30. Nd2 Rxb2 (30... Be5+ 31. g3 Rxb2) 31. Rxb2 Bxb2 {KB-KN} 32. Nc4 Bd4 33. Kg3 Kf7 34. f4 Kf6 35. Kf3 g5 36. fxg5+ hxg5 37. a4 e5 38. Ke4 {White wants to mate with a5.} Ke6 39. a5 Kf6 40. a6 Ke6 {[#]} 41. Nxe5 $1 {[%mdl 512] Weighted Error Value: White=0.22 (precise) /Black=0.42} 1-0

[Event "European Amateur Chess-ch 2022"]
[Site "Zagreb"]
[Date "2022.08.15"]
[Round "2.10"]
[White "Dzaja, Martin Zorislav"]
[Black "Fajdetic, Hrvoje"]
[Result "1-0"]
[ECO "A96"]
[WhiteElo "1974"]
[BlackElo "2151"]
[Annotator "TA"]
[PlyCount "75"]
[EventDate "2022.08.14"]
[EventCountry "CRO"]
[SourceTitle "playchess.com"]
[Source "ChessBase"]
[SourceQuality "1"]
[TimeControl "40/5400+30:1800+30"]

1. Nf3 e6 2. c4 f5 3. d4 Nf6 4. g3 Be7 5. Bg2 O-O 6. O-O d6 7. Nc3 Ne4 8. Nxe4 {A96: Classical Dutch: Fluid Systems: Early deviations.} fxe4 9. Nd2 d5 10. Qb3 (10. f3 $14) 10... Kh8 11. f3 {[#]} exf3 $146 ({Predecessor:} 11... Bf6 12. cxd5 exd5 13. fxe4 Bxd4+ 14. e3 Rxf1+ 15. Kxf1 Bb6 16. exd5 Na6 17. Nc4 Nc5 {1-0 (28) Cesal,J (2136)-Bevan,P (1901) Prague 2020}) 12. Nxf3 Nc6 13. Bd2 {[%cal Bc1d2,Bd2c3,Bc3b4][%mdl 32] Prevents Na5.} Bf6 14. Bc3 Ne7 15. Bb4 c6 (15... a5 $11 {remains equal.} 16. Bxe7 Qxe7) 16. Rad1 b6 17. e4 {White is more active.} dxe4 18. Ne5 Bb7 (18... Bxe5 $16 {is a better defense.} 19. Rxf8+ (19. dxe5 Rxf1+ 20. Kxf1 Qe8 $16) 19... Qxf8) 19. Bxe4 $18 {Black must now prevent Qf3.} Qc7 (19... Bxe5 $16 20. Rxf8+ (20. dxe5 Rxf1+ 21. Kxf1 Qe8 $16) 20... Qxf8) 20. Qf3 g6 21. Qg2 $2 ({White must play} 21. Qxf6+ $18 Rxf6 22. Rxf6) 21... Rae8 {[#]} (21... Rad8 $1 $14) 22. Qh3 $2 (22. Rxf6 $1 $18 Rxf6 23. Bc3) 22... Bxe5 $11 23. Rxf8+ Rxf8 24. dxe5 ({Better is} 24. Bxe7 $15 Qxe7 25. dxe5) 24... c5 $17 25. Bxb7 Qxb7 (25... cxb4 $17 26. Qh6 Kg8) 26. Bc3 Qf3 27. Rf1 Qe3+ 28. Kh1 Qe4+ (28... Nf5 $1 $17 {...Qe4+ is the strong threat.} 29. Qg2 Qd3) 29. Kg1 $11 Qe3+ (29... Rf5 $11) 30. Kh1 $17 Nf5 $1 31. Qg2 {Against Qe4} Qd3 {[%cal Of5g3] Strongly threatening ...Nxg3+!} 32. Kg1 {[#]} Rd8 ({Weaker is} 32... Qxc4 33. g4 $15) ({Black should try} 32... h5 $1 $17 33. Qf3 Qxc4) 33. Qf3 $15 h5 ({Don't play} 33... Qxc4 34. g4 $14) 34. b3 (34. Qxd3 $15 Rxd3 35. Rf2) 34... Qxf3 35. Rxf3 Kg7 36. Kf2 {[#]} g5 (36... Rd1 $1 $17) 37. Ke2 Rd7 {[#]} (37... Kg6 $15) 38. Rxf5 $1 {[%mdl 32768] Weighted Error Value: White=0.37/Black=0.33. Loss on time!?} 1-0

[Event "European Amateur Chess-ch 2022"]
[Site "Zagreb"]
[Date "2022.08.15"]
[Round "2.11"]
[White "Bouget, Alexandre"]
[Black "Jakupec, Denis"]
[Result "1-0"]
[ECO "E92"]
[WhiteElo "2282"]
[BlackElo "2004"]
[Annotator "TA"]
[PlyCount "41"]
[EventDate "2022.08.14"]
[EventCountry "CRO"]
[SourceTitle "playchess.com"]
[Source "ChessBase"]
[SourceQuality "1"]
[TimeControl "40/5400+30:1800+30"]

1. d4 Nf6 2. c4 g6 3. Nc3 Bg7 4. e4 d6 5. Be2 O-O 6. Nf3 e5 7. d5 a5 8. Bg5 h6 9. Be3 Ng4 {E92: King's Indian: Classical: 6 Be2 e5: 7 dxe5, 7 Be3 and Petrosian System without 7...Nbd7.} 10. Bd2 f5 11. h3 Nf6 {The position is equal.} 12. exf5 gxf5 13. Qc1 Kh7 ({Black should try} 13... f4 $11) 14. g4 $14 Na6 $1 15. g5 $36 {[%cal Rg5h6][%mdl 2048] White is pushing.} hxg5 16. Nxg5+ Kh8 {[#]} 17. h4 $146 {White is more active.} ({Predecessor:} 17. Qc2 c6 18. O-O-O Nb4 19. Qb3 Qc7 20. Kb1 Bd7 21. Rhg1 Rae8 22. Bc1 Na6 23. Qc2 {0-1 (66) Jepson,C (2417)-Burwick,M (2236) Sweden 2017}) 17... Nc5 (17... Qe7 $14) 18. Qc2 $16 Qe7 19. O-O-O Bd7 20. Be3 Ng4 $2 {[%mdl 8192] [#]} (20... a4 $16 {is a better chance.}) 21. Bxg4 {Weighted Error Value: White=0.07 (flawless) /Black=0.70} 1-0